Cogmind - Beta 10.1 @@@ ROGUE MODE // 2020.10.13 @ 12:21:20 Player: Boris Result: Destroyed by G-50 Soldier with Heavy Laser Performance ------------- Evolutions (4) 2000 Regions Visited (17) 3400 Robots Destroyed (244) 1220 Value Destroyed (9796) 9796 Prototype IDs (24) 480 Alien Tech Used (0) 0 Bonus (1282) 1282 TOTAL SCORE: 18178 Bonus ------- High Alert Combat Kills 265 Follower Combat Kills 359 Entered Garrisons 400 Used RIF Installer 1000 Met Data Miner 300 Friendly Fire -1042 Cogmind --------- Core Integrity 0/850 Matter 167/300 Energy 100/100 System Corruption 2% Temperature Cool (18) Movement Core (600) Ox11 Location -6/Factory Parts ------- > --- POWER (1) -------- (None) > --- PROPULSION (4) --- (None) > --- UTILITY (8) ------ Large Storage Unit Large Storage Unit Advanced Signal Interpreter Quantum Router Relay Coupler [NC] (13) > --- WEAPON (2) ------- Makeshift Spear > --- INVENTORY (16) --- Improved Heat Sink Improved Heat Sink YI-UF0's Bottomless Matter Pit (1500) Improved Sensor Array Improved Signal Interpreter Thermal Shield Thermal Shield Hacking Suite Relay Coupler [Specialist] (20) System Backup Module Improved System Backup Module Sensor Drone Bay (19/20) Remote Datajack Powered Hammer Peak State ------------ > --- POWER ------------ Reinforced Deuterium Engine > --- PROPULSION ------- Combat Airjet Combat Airjet Combat Airjet Combat Airjet > --- UTILITY ---------- Improved Cooling System Large Storage Unit Large Storage Unit Large Storage Unit Improved Sensor Array Advanced Signal Interpreter Deep Network Scanner Quantum Router > --- WEAPON ----------- Heavy Plasma Cannon Flak Gun > --- INVENTORY -------- Light Nuclear Core Improved Deuterium Engine Improved Cooling System YI-UF0's Bottomless Matter Pit Improved Medium Armor Plating Relay Coupler [NC] Relay Coupler [Grunt] Relay Coupler [Specialist] System Backup Module Improved System Backup Module Sensor Drone Bay Plasma Rifle Plasma Rifle Plasma Rifle Neutron Cannon Autogun Remote Datajack Powered Hammer Makeshift Spear [Rating: 73] Favorites ----------- Power Improved Ion Engine Engine Improved Ion Engine Power Core Nuclear Core Propulsion Light Treads Treads Light Treads Leg Carbon-fiber Leg Hover Unit Combat Airjet Utility Large Storage Unit Device Improved Sensor Array Storage Large Storage Unit Processor Advanced Signal Interpreter Hackware Relay Coupler [NC] Protection Light Armor Plating Weapon Flak Cannon Energy Gun Shock Rifle Energy Cannon Light EM Pulse Cannon Ballistic Gun Flak Gun Ballistic Cannon Flak Cannon Launcher Heavy Missile Launcher Special Weapon Remote Datajack Impact Weapon Powered Hammer Piercing Weapon Makeshift Spear Special Melee Weapon Datajack Build | -11 -10 -10 -9 -9 -9 -8 -8 -8 -8 -7 -7 -7 -7 -7 -7 -6 -6 ------- Run | Scr Mat Min Mat Min Exi Min Mat Gar Mat Fac Gar Fac Low Low Dat Pro Fac Slots Evolved 8 | . . . 2 . . . 2 . . 2 . . . . . . 2 Power . | . . . . . . . . . . . . . . . . . . Propulsion 2 | . . . . . . . . . . 2 . . . . . . . Utility 6 | . . . 2 . . . 2 . . . . . . . . . 2 Weapon . | . . . . . . . . . . . . . . . . . . Parts Attached 437 | 6 12 5 27 16 2 1 32 19 70 9 15 50 32 13 15 29 84 Power 23 | 1 2 1 1 . . . . 2 3 . 1 2 2 . . 2 6 Engine 19 | 1 2 1 1 . . . . 2 2 . 1 2 2 . . 2 3 Core 4 | . . . . . . . . . 1 . . . . . . . 3 Reactor . | . . . . . . . . . . . . . . . . . . Propulsion 49 | 2 1 1 5 . . 1 4 2 8 2 4 10 . . . 1 8 Treads 38 | 2 1 1 5 . . 1 4 2 8 2 2 5 . . . . 5 Leg 6 | . . . . . . . . . . . 2 1 . . . . 3 Wheel . | . . . . . . . . . . . . . . . . . . Hover 5 | . . . . . . . . . . . . 4 . . . 1 . Flight . | . . . . . . . . . . . . . . . . . . Utility 201 | 1 3 2 9 6 2 . 22 4 44 2 4 22 19 8 5 14 34 Device 99 | . . 1 5 2 2 . 12 1 24 1 1 12 9 4 3 9 13 Storage 9 | 1 2 1 . 1 . . . . 2 . . . . . . 1 1 Processor 2 | . . . . 1 . . . . 1 . . . . . . . . Hackware 5 | . . . . . . . . . . . . 1 . . . . 4 Protection 86 | . 1 . 4 2 . . 10 3 17 1 3 9 10 4 2 4 16 Artifact . | . . . . . . . . . . . . . . . . . . Weapon 164 | 2 6 1 12 10 . . 6 11 15 5 6 16 11 5 10 12 36 Energy Gun 48 | . 6 1 3 . . . 1 1 10 2 3 3 2 1 . . 15 Energy Cannon 38 | . . . 6 4 . . 3 . 2 2 . 5 2 2 3 5 4 Ballistic Gun 28 | 2 . . . . . . . . . . 2 7 2 1 2 4 8 Ballistic Cannon 12 | . . . . 2 . . 2 6 1 . . . . . . . 1 Launcher 15 | . . . . 4 . . . 4 . . . . 2 1 1 3 . Special Weapon 12 | . . . . . . . . . . . . 1 3 . 1 . 7 Impact Weapon 7 | . . . 2 . . . . . 2 1 . . . . 2 . . Slashing Weapon . | . . . . . . . . . . . . . . . . . . Piercing Weapon 2 | . . . . . . . . . . . . . . . 1 . 1 Special Melee Weapon 2 | . . . 1 . . . . . . . 1 . . . . . . Unidentified Prototypes 7 | . . 1 . 3 . . 2 . . . . . . . . . 1 Parts Lost 86 | . 4 1 4 3 . . 1 5 2 . 8 3 2 1 . 9 43 Power 13 | . . . . . . . . 1 1 . 1 . 1 . . 2 7 Propulsion 17 | . . . . . . . . . . . 4 1 . . . 1 11 Utility 25 | . 1 . 1 1 . . 1 3 . . 3 1 1 . . 2 11 Weapon 31 | . 3 1 3 2 . . . 1 1 . . 1 . 1 . 4 14 Highest Loss Streak 17 | . 2 1 2 2 . . 1 4 1 . 4 1 2 1 . 5 17 Average Slot Usage (%) 97 | . 95 99 97 99 100 100 99 95 99 100 96 99 100 99 100 97 89 Engine 8 | . 14 14 10 11 11 11 9 8 8 . 6 7 7 7 7 6 4 Treads 15 | . 27 28 22 22 22 22 17 18 18 30 22 19 . . . . 3 Hover 7 | . . . . . . . . . . . . 7 30 30 30 30 9 Device 8 | . . . 13 5 11 11 14 6 15 14 5 9 4 6 6 11 4 Storage 22 | . 22 27 22 22 22 22 18 18 24 23 23 23 23 23 23 23 19 Processor 6 | . . . . 9 11 11 9 9 9 7 7 7 7 7 7 7 6 Hackware 2 | . . . . . . . . . . . . 2 7 7 7 1 14 Protection 4 | . 2 . 7 7 . . 12 17 4 . 6 1 2 . . . 5 Energy Gun 7 | . 26 28 7 . . . . 1 14 14 5 8 4 . . . 3 Energy Cannon 4 | . . . 13 13 . . 6 . 1 . . 3 5 7 6 8 1 Ballistic Gun 1 | . 1 . . . . . . . . . 9 2 3 1 . 4 3 Ballistic Cannon 3 | . . . . 8 22 22 11 14 1 . . . . . . . 1 Naked Turns . | . . . . . . . . . . . . . . . . . . Heaviest Build 96 | 9 43 45 57 54 65 52 57 65 78 72 76 78 87 89 89 96 79 Greatest Support 112 | 40 40 40 40 40 40 40 40 40 56 112 112 88 88 88 88 88 88 Greatest Overweight (x) 22 | . 1 1 1 1 1 1 2 1 2 . 2 22 . 1 1 1 12 Average Overweight (x) . | . . . 1 1 1 1 1 1 1 . . . . . . . 1 Largest Inventory Capacity 30 | 6 16 16 16 16 16 16 16 16 22 22 22 22 22 22 22 30 22 Average Capacity 18 | 5 11 15 16 16 16 16 16 16 20 22 22 22 22 22 22 22 21 Most Carried 22 | 1 14 16 16 16 16 16 16 16 22 22 22 22 22 22 22 21 22 Average Carried 17 | . 7 15 15 15 16 15 15 15 20 21 21 21 21 21 21 16 19 Final Capacity 22 | 6 16 16 16 16 16 16 16 16 22 22 22 22 22 22 22 22 16 Final Carried 22 | 1 14 16 16 16 16 16 16 16 22 22 21 22 22 22 20 17 14 Class Distribution -------------------- 27% | Scavenger-Mutant 26% | Mutant 21% | Bothacker-Mutant 19% | Hauler-Mutant 4% | Hacker-Mutant Dominant Class ---------------- Mutant | -10/Materials Mutant | -10/Mines Scavenger-Mutant | -9/Materials Scavenger-Mutant | -9/Mines Mutant | -9/Exiles Mutant | -8/Mines Mutant | -8/Materials Scavenger-Mutant | -8/Garrison Hauler-Mutant | -8/Materials Hauler-Mutant | -7/Factory Hauler-Mutant | -7/Garrison Bothacker-Mutant | -7/Factory Bothacker-Mutant | -7/Lower Caves Bothacker-Mutant | -7/Lower Caves Bothacker-Mutant | -7/Data Miner Hauler-Mutant | -6/Proximity Caves Scavenger-Mutant | -6/Factory Resources | -11 -10 -10 -9 -9 -9 -8 -8 -8 -8 -7 -7 -7 -7 -7 -7 -6 -6 ----------- Run | Scr Mat Min Mat Min Exi Min Mat Gar Mat Fac Gar Fac Low Low Dat Pro Fac Matter Collected 8803 | 239 311 70 265 1697 . 55 770 957 706 . 459 617 549 265 135 690 1018 Remotely . | . . . . . . . . . . . . . . . . . . Salvage Created 10087 | . 643 357 744 360 . . 761 558 1681 116 601 737 845 478 29 771 1406 Parts 470 | . 39 19 50 16 . . 31 34 64 7 22 36 35 13 4 36 64 Haulers Intercepted 4 | . 1 . 1 . . . 1 . . 1 . . . . . . . Recyclers Shooed 4 | . . . . . . . 4 . . . . . . . . . . Parts Field Recycled . | . . . . . . . . . . . . . . . . . . Retrieved Matter . | . . . . . . . . . . . . . . . . . . Parts Self-Destructed 75 | . . . . . . . . . . . . . 40 7 . 28 . Prevented 10 | . . . . . . . . . . . . . 7 3 . . . Kills | -11 -10 -10 -9 -9 -9 -8 -8 -8 -8 -7 -7 -7 -7 -7 -7 -6 -6 ------- Run | Scr Mat Min Mat Min Exi Min Mat Gar Mat Fac Gar Fac Low Low Dat Pro Fac Combat Hostiles Destroyed 216 | . 19 6 15 15 . . 14 22 29 1 12 10 17 12 . 19 25 Melee 2 | . 1 . . . . . . . . . . . . . . . 1 Guns 90 | . 18 4 7 . . . . . 18 1 10 6 4 . . 3 19 Cannons 67 | . . . 3 9 . . 14 12 5 . . 1 7 4 . 7 5 AOE 41 | . . 1 3 6 . . . 10 1 . 1 . 5 6 . 8 . Classes Destroyed 18 | . 4 2 1 1 . . 3 . 1 . 1 1 1 . . 2 1 Worker 2 | . . . . . . . . . 1 . . . . . . . 1 Builder 1 | . . . . . . . . . . . . . . . . . 1 Tunneler 2 | . . 1 1 . . . . . . . . . . . . . . Hauler 4 | . 1 . 1 . . . 1 . . 1 . . . . . . . Recycler 6 | . . 1 . 1 . . 1 . . . . 2 . . . . 1 Minesweeper 1 | . . . . . . . . . . . . . 1 . . . . Operator 1 | . . . . . . . 1 . . . . . . . . . . Watcher 9 | . 1 . 1 . . . 1 . 5 . . . . . . . 1 Swarmer 40 | . 9 . 3 4 . . . 6 5 . 2 . 2 2 . 3 4 Grunt 91 | . 10 6 7 3 . . 5 13 12 1 8 2 8 6 . 2 8 Brawler 5 | . . . . . . . 1 1 . . . . 1 . . 2 . Duelist 11 | . . . . . . . . . . . 2 . 1 2 . 4 2 Protector 1 | . . . . . . . . . . . . . . . . 1 . Sentry 38 | . . . 5 . . . 6 2 9 . . 5 2 1 . 1 7 Hunter 11 | . . . . . . . 2 . 3 . . . . . . 4 2 Programmer 7 | . . . . . . . . . . . . 3 . 1 . 1 2 Behemoth 1 | . . . . . . . . . . . . . . . . 1 . Assembled 8 | . . . . 8 . . . . . . . . . . . . . Thug 3 | . . . . . . . . . . . . . 3 . . . . Best Kill Streak 9 | . 9 4 4 4 . . 4 7 4 2 5 2 4 3 1 4 7 Combat Bots Only 9 | . 9 2 3 4 . . 3 7 3 1 5 2 4 3 . 4 6 Max Kills in Single Turn 2 | . 2 2 2 2 . . 1 2 2 1 2 1 2 2 1 2 1 Gunslinging 1 | . 1 . . . . . . . 1 . 1 . . . . . . Exploded 2 | . . 1 1 2 . . . 2 1 . 1 . 2 2 . 2 . Melee 1 | . 1 . . . . . . . . . . . . . . . 1 Uniques/NPCs Destroyed 2 | . . . . 1 . . . . . . . . . . 1 . . YI-UF0 (-9/Mines) Data Miner (-7/Data Miner) Combat | -11 -10 -10 -9 -9 -9 -8 -8 -8 -8 -7 -7 -7 -7 -7 -7 -6 -6 -------- Run | Scr Mat Min Mat Min Exi Min Mat Gar Mat Fac Gar Fac Low Low Dat Pro Fac Damage Taken 15393 | . 708 76 694 444 . . 480 757 1342 . 1734 1213 739 315 . 1562 5329 Core 1788 | . 84 . 68 64 . . 91 36 117 . 138 98 54 16 . 159 863 Absorbed by Shields . | . . . . . . . . . . . . . . . . . . Core Remaining (%) 64 | 100 . 66 . . . 67 . . 55 . . . . . . 33 . Volleys Fired 748 | . 51 12 42 33 . . 37 40 94 7 50 45 60 40 7 108 122 Largest 2 | . 2 2 2 2 . . 2 2 2 2 2 2 2 2 1 2 2 Hottest 225 | . 90 90 112 112 . . 112 112 113 90 90 119 119 119 90 180 225 Shots Fired 1216 | . 100 22 78 54 . . 72 57 175 10 89 84 89 46 7 134 199 Gun 705 | . 100 22 45 . . . . 2 152 7 89 65 38 6 . 18 161 Cannon 442 | . . . 33 43 . . 72 41 23 3 . 17 42 32 4 104 28 Launcher 48 | . . . . 11 . . . 14 . . . . 3 8 . 12 . Special 21 | . . . . . . . . . . . . 2 6 . 3 . 10 Kinetic 339 | . . . . 10 . . 37 39 6 . 55 36 29 1 . 18 108 Thermal 287 | . . . 3 . . . 35 2 2 3 . . 31 22 4 104 81 Explosive 48 | . . . . 11 . . . 14 . . . . 3 8 . 12 . Electromagnetic 521 | . 100 22 75 33 . . . 2 167 7 34 46 20 15 . . . Robot Hit Streak 23 | . 7 9 19 13 . . 10 13 16 23 20 18 7 8 3 14 14 Robot Miss Streak 11 | . 5 3 2 11 . . 5 5 4 2 7 6 11 2 . 3 7 Penetration Max 2 | . . . . . . . . . . . . . . . . . 2 Secondary Targets 11 | . 3 . . . . . . . 3 . 2 1 . . . . 2 Max Gunslinging Chain 1 | . 1 . . . . . . . 1 . 1 1 . . . . 1 Shots Hit Robots 843 | . 57 14 63 32 . . 55 46 125 5 76 72 53 29 3 61 152 Core Hits 531 | . 21 9 22 32 . . 45 55 57 5 50 36 47 20 1 48 83 Critical Hits 24 | . . . 1 . . . 8 . 5 . . . . . . 5 5 Critical Kills 7 | . . . . . . . 5 . 1 . . . . . . . 1 Critical Parts Destroyed 15 | . . . 1 . . . 3 . 4 . . . . . . 3 4 Melee Attacks 28 | . . . 4 . . . . . 2 1 6 . . . 8 . 7 Impact 13 | . . . 3 . . . . . 2 1 . . . . 7 . . Slashing . | . . . . . . . . . . . . . . . . . . Piercing 8 | . . . . . . . . . . . . . . . 1 . 7 Sneak Attacks 8 | . . . 1 . . . . . . . 6 . . . 1 . . Combat Hostiles . | . . . . . . . . . . . . . . . . . . Follow-up Attacks . | . . . . . . . . . . . . . . . . . . Damage Inflicted 21809 | . 899 433 1250 1221 . 24 1261 1322 2695 127 1524 1141 1538 1628 79 2948 3719 Guns 9598 | . 766 258 525 . . . . . 2106 91 1262 833 518 92 . 166 2981 Cannons 6689 | . . . 526 484 . . 1237 555 371 . . 305 506 703 . 1388 614 Explosions 5267 | . 96 175 199 734 . . . 767 212 36 262 . 514 833 . 1394 45 Melee 158 | . . . . . . . . . . . . . . . 79 . 79 Ramming 97 | . 37 . . 3 . 24 24 . 6 . . 3 . . . . . Kinetic 5212 | . . . . 114 . . 600 510 92 . 803 445 434 . . 166 2048 Thermal 5314 | . 96 175 234 . . . 637 45 212 36 262 . 253 429 . 1388 1547 Explosive 4242 | . . . . 734 . . . 767 . . . . 514 833 . 1394 . Electromagnetic 6786 | . 766 258 1016 370 . . . . 2385 91 459 693 337 366 . . 45 Impact . | . . . . . . . . . . . . . . . . . . Slashing . | . . . . . . . . . . . . . . . . . . Piercing 158 | . . . . . . . . . . . . . . . 79 . 79 Highest Corruption 4 | . 2 2 . 4 4 4 1 1 1 1 1 1 1 3 3 2 2 Average Corruption 1 | . 2 2 . 4 4 4 1 1 1 1 1 1 1 1 1 1 1 Corruption Purged 6 | . . . . . . . . . . . . 3 . . 3 . . Effects 126 | . 11 5 . 20 9 13 . 8 12 1 3 1 9 8 1 8 17 Message Errors 35 | . 3 . . 5 3 4 . 5 2 . . . 1 4 . 2 6 Matter Fused 12 | . . . . 4 3 4 . . . . . . . 1 . . . Heat Flow Errors 15 | . 2 3 . 4 . 2 . . . . . . . 1 . 2 1 Energy Discharges 22 | . 1 . . 2 2 2 . . 4 . . 1 4 1 1 . 4 Data Loss (minor) 21 | . 4 1 . 3 1 1 . 2 3 1 1 . 1 1 . 1 1 Targeting Errors 19 | . 1 1 . 1 . . . 1 3 . 1 . 3 . . 3 5 Weapon Failures 2 | . . . . 1 . . . . . . 1 . . . . . . Overload Shots 2 | . . . . . . . . . . . . . . . . . 2 Overflow Damage 267 | . 37 . 18 27 . . . . 14 . 18 21 32 63 . 11 26 Projectiles 156 | . . . . 14 . . . . 14 . . 21 32 48 . 1 26 Explosions 110 | . 36 . 18 13 . . . . . . 18 . . 15 . 10 . Melee 1 | . 1 . . . . . . . . . . . . . . . . Knockbacks 37 | . . . . 5 . 1 12 15 1 . . . . . . . 3 Impact 1 | . . . . . . 1 . . . . . . . . . . . Kinetic 34 | . . . . 5 . . 12 13 1 . . . . . . . 3 Secondary 2 | . . . . . . . . 2 . . . . . . . . . Self-Inflicted Damage 221 | . 25 . 34 10 . . . . . . 60 . . . . . 92 Shots 8 | . 1 . 1 1 . . . . . . 1 . . . . . 4 Rammed 22 | . 13 . . 2 . 2 4 . 1 . . . . . . . . Targets Rammed 25 | . 15 . . 2 . 2 4 . 1 . . 1 . . . . . Kicked . | . . . . . . . . . . . . . . . . . . Crushed 3 | . 2 . . . . . . . . . . 1 . . . . . Highest Temperature 480 | . 311 288 60 273 . 248 6 255 72 . 64 326 140 416 118 218 480 Average Temperature 81 | . 93 107 12 103 . 111 3 81 22 . 20 114 41 132 43 74 108 Received Heat Transfer 4148 | . 186 45 216 80 . . 162 279 387 . 582 339 186 81 . 180 1425 Effects 6 | . . 1 . . . . . . . . . 3 . 1 . . 1 Shutdowns 3 | . . . . . . . . . . . . 1 . 1 . . 1 Energy Bleed 2 | . . 1 . . . . . . . . . 1 . . . . . Damage (minor) 1 | . . . . . . . . . . . . 1 . . . . . Siege Activations . | . . . . . . . . . . . . . . . . . . Robots Corrupted 16 | . 1 1 2 . . . . . 6 . 1 3 1 1 . . . Combat Hostiles 14 | . . 1 2 . . . . . 5 . 1 3 1 1 . . . Parts Fried 53 | . 8 1 5 . . . . . 25 . 4 5 1 4 . . . Impact Corruptions 1 | . 1 . . . . . . . . . . . . . . . . Robots Melted 2 | . . . . . . . . . . . . . . 1 . 1 . Combat Hostiles 2 | . . . . . . . . . . . . . . 1 . 1 . Parts Melted 15 | . . . . . . . . . . . . . . 2 . 5 8 Heat Transferred 7989 | . 100 150 424 . . . 1110 74 200 50 275 . 333 574 . 1840 2859 Parts Sabotaged . | . . . . . . . . . . . . . . . . . . Parts Stolen . | . . . . . . . . . . . . . . . . . . Parts Stripped . | . . . . . . . . . . . . . . . . . . Power Chain Reactions 16 | . 2 2 5 . . . . . 3 1 3 . . . . . . Missiles Intercepted . | . . . . . . . . . . . . . . . . . . Alert | -11 -10 -10 -9 -9 -9 -8 -8 -8 -8 -7 -7 -7 -7 -7 -7 -6 -6 ------- Run | Scr Mat Min Mat Min Exi Min Mat Gar Mat Fac Gar Fac Low Low Dat Pro Fac Peak Influence 867 | . 518 205 314 100 . . 215 867 589 165 253 153 . . . . 141 Initial 422 | . . 90 16 28 . . . 85 422 149 49 132 . . . . 37 Average 178 | . 262 73 106 45 . . 69 528 387 108 175 73 . . . . 56 Maximum Alert Level 3 | . 2 1 1 . . . 1 3 2 . 1 . . . . . . Low Security (%) 66 | 100 37 82 88 100 . 100 90 12 . 100 77 100 . . . . 100 Level 1 20 | . 36 17 11 . . . 9 20 66 . 22 . . . . . . Level 2 10 | . 25 . . . . . . 40 33 . . . . . . . . Level 3 1 | . . . . . . . . 26 . . . . . . . . . Level 4 . | . . . . . . . . . . . . . . . . . . Level 5 . | . . . . . . . . . . . . . . . . . . High Security . | . . . . . . . . . . . . . . . . . . Max Security . | . . . . . . . . . . . . . . . . . . Squads Dispatched 26 | . 4 1 2 . . . 3 . 3 1 . 5 . . . 1 6 Investigation 8 | . 3 . 1 . . . . . 1 . . 3 . . . . . Extermination 4 | . . . . . . . . . . . . 2 . . . . 2 Reinforcement 7 | . 1 . 1 . . . . . 2 1 . . . . . . 2 Assault 2 | . . 1 . . . . . . . . . . . . . 1 . Garrison 5 | . . . . . . . 3 . . . . . . . . . 2 Intercept . | . . . . . . . . . . . . . . . . . . Construction Impeded 1 | . . . . . . . . . . . . . . . . . 1 Haulers Reinforced 2 | . . . . . . . . . . 1 . . . . . . 1 Stealth | -11 -10 -10 -9 -9 -9 -8 -8 -8 -8 -7 -7 -7 -7 -7 -7 -6 -6 --------- Run | Scr Mat Min Mat Min Exi Min Mat Gar Mat Fac Gar Fac Low Low Dat Pro Fac Distress Signals 16 | . 1 . 1 . . . . 1 9 . . 2 . . . . 2 Communications Jammed . | . . . . . . . . . . . . . . . . . . Distress Signals . | . . . . . . . . . . . . . . . . . . Times Spotted 336 | . 32 10 24 15 . . 23 22 55 1 26 19 23 11 . 32 43 Peak Tracking Total 9 | . 6 4 3 4 . . 5 5 5 1 9 3 7 3 . 6 7 Tactical Retreats 36 | . 4 1 . . . . 1 . 5 . 6 . 7 2 . 5 5 Traps | -11 -10 -10 -9 -9 -9 -8 -8 -8 -8 -7 -7 -7 -7 -7 -7 -6 -6 ------- Run | Scr Mat Min Mat Min Exi Min Mat Gar Mat Fac Gar Fac Low Low Dat Pro Fac Traps Triggered 13 | . 2 . . . . . 2 1 1 1 5 . . . . . 1 Indirectly . | . . . . . . . . . . . . . . . . . . Trap Hack Attempts . | . . . . . . . . . . . . . . . . . . Triggered . | . . . . . . . . . . . . . . . . . . Disarmed . | . . . . . . . . . . . . . . . . . . Reprogrammed . | . . . . . . . . . . . . . . . . . . Reused 2 | . . . . . . . . . . . . . 1 . 1 . . Traps Extracted . | . . . . . . . . . . . . . . . . . . Installed 7 | . . . . . . . . . . . . . 3 . 4 . . Triggered 7 | . 1 . . . . . . . 2 . . . 4 . . . . Machines | -11 -10 -10 -9 -9 -9 -8 -8 -8 -8 -7 -7 -7 -7 -7 -7 -6 -6 ---------- Run | Scr Mat Min Mat Min Exi Min Mat Gar Mat Fac Gar Fac Low Low Dat Pro Fac Machines Disabled 22 | . 4 . 3 1 . . 1 2 1 1 1 . . . . 1 7 Max in Single Turn 4 | . 1 . 1 1 . . 1 1 1 1 1 . . . . 1 4 Garrison Access 2 | . . . . . . . . . . . . 1 . . . . 1 Garrison Relay 3 | . . . . . . . . 2 . . 1 . . . . . . Machines Sabotaged . | . . . . . . . . . . . . . . . . . . Garrisons Compromised . | . . . . . . . . . . . . . . . . . . Overloaded Fab Kills . | . . . . . . . . . . . . . . . . . . Fab Network Shutdowns . | . . . . . . . . . . . . . . . . . . Hacking | -11 -10 -10 -9 -9 -9 -8 -8 -8 -8 -7 -7 -7 -7 -7 -7 -6 -6 --------- Run | Scr Mat Min Mat Min Exi Min Mat Gar Mat Fac Gar Fac Low Low Dat Pro Fac Machines Accessed 64 | . 8 1 9 . 1 . 10 . 11 4 . 10 1 1 4 . 4 Terminals 36 | . 6 . 7 . . . 6 . 8 3 . 4 . . . . 2 Fabricators 2 | . . . . . . . . . . . . 2 . . . . . Repair Stations 4 | . 1 . 1 . . . . . 1 . . 1 . . . . . Recycling Units 6 | . 1 . . . . . 2 . . . . 2 . . . . 1 Scanalyzers 4 | . . . 1 . . . 1 . 2 . . . . . . . . Garrison Access 4 | . . . . . . . 1 . . 1 . 1 . . . . 1 Total Hacks 198 | . 21 1 32 . 1 . 28 . 34 7 . 27 1 1 28 . 17 Successful 124 | . 13 1 19 . 1 . 16 . 19 4 . 12 1 1 28 . 9 Failed 74 | . 8 . 13 . . . 12 . 15 3 . 15 . . . . 8 Catastrophic 8 | . 1 . 1 . . . 1 . 1 1 . 2 . . . . 1 Database Lockouts . | . . . . . . . . . . . . . . . . . . Manual 92 | . 15 . 19 . . . 10 . 19 5 . 12 . . . . 12 Terminals 112 | . 14 . 22 . . . 21 . 27 6 . 9 . . . . 13 Fabricators 8 | . . . . . . . . . . . . 8 . . . . . Repair Stations 15 | . 6 . 5 . . . . . 2 . . 2 . . . . . Recycling Units 11 | . 1 . . . . . 4 . . . . 3 . . . . 3 Scanalyzers 12 | . . . 5 . . . 2 . 5 . . . . . . . . Garrison Access 8 | . . . . . . . 1 . . 1 . 5 . . . . 1 Terminal Hacks 65 | . 6 1 6 . 1 . 9 . 8 1 . 1 1 1 28 . 2 Record 12 | . . . . . 1 . . . . . . . . . 11 . . Part Schematic 9 | . 1 . . . . . . . 1 . . . . . 7 . . Robot Schematic 7 | . . . . . . . . . . . . . . . 7 . . Robot Analysis 6 | . 2 . 1 . . . 2 . . . . . . . . . 1 Prototype ID Bank 4 | . 1 . . . . . . . . . . . . . 3 . . Open Door 3 | . . 1 . . . . . . . . . . 1 1 . . . Level Access Points 1 | . . . . . . . 1 . . . . . . . . . . Branch Access Points 2 | . . . 1 . . . 1 . . . . . . . . . . Emergency Access Points 1 | . . . . . . . . . 1 . . . . . . . . Machine Index 1 | . . . . . . . . . . . . . . . . . 1 Recycling Unit Index 1 | . . . . . . . 1 . . . . . . . . . . Unreport Threat 7 | . 1 . 2 . . . 1 . 3 . . . . . . . . Locate Traps 2 | . . . . . . . 1 . 1 . . . . . . . . Hauler Manifests 4 | . 1 . . . . . 2 . 1 . . . . . . . . Registered Components 1 | . . . 1 . . . . . . . . . . . . . . Zone Layout 4 | . . . 1 . . . . . 1 1 . 1 . . . . . Fabricator Hacks 3 | . . . . . . . . . . . . 3 . . . . . Load Schematic 1 | . . . . . . . . . . . . 1 . . . . . Build 2 | . . . . . . . . . . . . 2 . . . . . Repair Station Hacks 13 | . 4 . 5 . . . . . 2 . . 2 . . . . . Scan Component 7 | . 2 . 3 . . . . . 1 . . 1 . . . . . Repair 6 | . 2 . 2 . . . . . 1 . . 1 . . . . . Recycling Unit Hacks 3 | . . . . . . . 2 . . . . . . . . . 1 Retrieve Components 3 | . . . . . . . 2 . . . . . . . . . 1 Scanalyzer 12 | . . . 5 . . . 2 . 5 . . . . . . . . Insert Component 6 | . . . 3 . . . 1 . 2 . . . . . . . . Analyze 6 | . . . 2 . . . 1 . 3 . . . . . . . . Garrison Access Hacks 5 | . . . . . . . 1 . . 1 . 2 . . . . 1 Unlock Access 2 | . . . . . . . 1 . . 1 . . . . . . . Seal Access 2 | . . . . . . . . . . . . 1 . . . . 1 Coupler Status 1 | . . . . . . . . . . . . 1 . . . . . Unauthorized Hacks 23 | . 3 . 3 . . . 2 . 4 2 . 4 . . . . 5 Terminals 18 | . 1 . 3 . . . 2 . 4 2 . 1 . . . . 5 Track 3 | . . . 1 . . . . . . . . . . . . . 2 Assimilate 2 | . . . 2 . . . . . . . . . . . . . . Botnet 11 | . 1 . . . . . 2 . 3 2 . 1 . . . . 2 Operators 2 | . . . . . . . . . 1 . . . . . . . 1 Fabricators . | . . . . . . . . . . . . . . . . . . Repair Stations 1 | . 1 . . . . . . . . . . . . . . . . Mechanics 1 | . 1 . . . . . . . . . . . . . . . . Recycling Units 3 | . 1 . . . . . . . . . . 2 . . . . . Tunnel 3 | . 1 . . . . . . . . . . 2 . . . . . Scanalyzers . | . . . . . . . . . . . . . . . . . . Garrison Access 1 | . . . . . . . . . . . . 1 . . . . . Watchers 1 | . . . . . . . . . . . . 1 . . . . . Data Cores Recovered 1 | . . . . . . . 1 . . . . . . . . . . Used . | . . . . . . . . . . . . . . . . . . Hacking Detections 47 | . 6 . 8 . . . 8 . 10 4 . 8 . . . . 3 Full Trace Events 3 | . . . 2 . . . . . . . . 1 . . . . . Feedback Events . | . . . . . . . . . . . . . . . . . . Feedback Blocked . | . . . . . . . . . . . . . . . . . . Robot Schematics Acquired 7 | . . . . . . . . . . . . . . . 7 . . Robots Built . | . . . . . . . . . . . . . . . . . . Matter . | . . . . . . . . . . . . . . . . . . Time . | . . . . . . . . . . . . . . . . . . Total Robot Build Rating . | . . . . . . . . . . . . . . . . . . Part Schematics Acquired 13 | . 1 . 1 . . . 1 . 3 . . . . . 7 . . Parts Built 4 | . . . . . . . . . . . . 4 . . . . . Matter 380 | . . . . . . . . . . . . 380 . . . . . Time 190 | . . . . . . . . . . . . 190 . . . . . Total Part Build Rating 20 | . . . . . . . . . . . . 20 . . . . . Parts Repaired 6 | . 2 . 2 . . . . . 1 . . 1 . . . . . Time 182 | . 58 . 58 . . . . . 44 . . 22 . . . . . Parts Recycled . | . . . . . . . . . . . . . . . . . . Recycled Matter . | . . . . . . . . . . . . . . . . . . Retrieved Matter . | . . . . . . . . . . . . . . . . . . Retrieved Components 14 | . . . . . . . 11 . . . . . . . . . 3 Parts Scanalyzed 5 | . . . 2 . . . 1 . 2 . . . . . . . . Part Schematics Acquired 4 | . . . 1 . . . 1 . 2 . . . . . . . . Parts Damaged 1 | . . . . . . . . . 1 . . . . . . . . Bothacking | -11 -10 -10 -9 -9 -9 -8 -8 -8 -8 -7 -7 -7 -7 -7 -7 -6 -6 ------------ Run | Scr Mat Min Mat Min Exi Min Mat Gar Mat Fac Gar Fac Low Low Dat Pro Fac Used RIF Installer 2 | . . . . . . . . 1 . . 1 . . . . . . Threat Obfuscator 1 | . . . . . . . . . . . 1 . . . . . . Robots Hacked 11 | . . . 1 . . . . . . . . 1 3 . 1 . 5 Non-combat 6 | . . . 1 . . . . . . . . 1 1 . . . 3 Combat 5 | . . . . . . . . . . . . . 2 . 1 . 2 Robot Hacks Applied 13 | . . . 1 . . . . . . . . 1 4 . 1 . 6 parse_system 7 | . . . 1 . . . . . . . . . 3 . 1 . 2 no_distress 1 | . . . . . . . . . . . . . 1 . . . . drop_inventory 2 | . . . . . . . . . . . . 1 . . . . 1 map_route 1 | . . . . . . . . . . . . . . . . . 1 formatsys_high 2 | . . . . . . . . . . . . . . . . . 2 Relay Couplers Released 11 | . . . . . . . . 8 . . 3 . . . . . . Machine Destruction 11 | . . . . . . . . 8 . . 3 . . . . . . Attached 3 | . . . . . . . . . . . . 1 . . . . 2 Robots Rewired 8 | . . . . . . . . . . . 5 . 2 . . 1 . Allies Hacked . | . . . . . . . . . . . . . . . . . . Hacks Repelled . | . . . . . . . . . . . . . . . . . . Allies | -11 -10 -10 -9 -9 -9 -8 -8 -8 -8 -7 -7 -7 -7 -7 -7 -6 -6 -------- Run | Scr Mat Min Mat Min Exi Min Mat Gar Mat Fac Gar Fac Low Low Dat Pro Fac Total Allies 14 | . . 4 . . . . . . . . 5 . 2 . . 1 2 Largest Group 5 | . . 4 4 . . . . . . . 5 . 2 2 . 1 2 Highest-Rated Group 150 | . . 71 71 . . . . . . . 150 . 36 36 . 30 51 Highest-Rated Ally 31 | . . 31 31 . . . . . . . 30 . 20 20 . 30 29 Total Orders 16 | . . 1 3 . 2 . . . . . . . 7 . . 3 . STAY 3 | . . . . . . . . . . . . . 3 . . . . ROAM 2 | . . . 1 . . . . . . . . . . . . 1 . FOLLOW 5 | . . . . . . . . . . . . . 4 . . 1 . EXPLORE 1 | . . . . . 1 . . . . . . . . . . . . RETURN 5 | . . 1 2 . 1 . . . . . . . . . . 1 . Ally Attacks 64 | . . 6 31 . . . . . . . 7 . 6 10 . 4 . Total Damage 1042 | . . 129 416 . . . . . . . 254 . 74 131 . 38 . Kills 13 | . . 2 6 . . . . . . . 4 . 1 . . . . Allies Corrupted . | . . . . . . . . . . . . . . . . . . Allies Melted 1 | . . 1 . . . . . . . . . . . . . . . Intel | -11 -10 -10 -9 -9 -9 -8 -8 -8 -8 -7 -7 -7 -7 -7 -7 -6 -6 ------- Run | Scr Mat Min Mat Min Exi Min Mat Gar Mat Fac Gar Fac Low Low Dat Pro Fac Robot Analysis Total 6 | . 2 . 1 . . . 2 . . . . . . . . . 1 Derelict Logs Recovered 7 | . . 1 . 2 . . . . . . . . 2 1 . 1 . Drone Launches 33 | . . 2 2 . 20 . . . . . . . . . . 9 . Drone Recoveries 32 | . . 2 2 . 20 . . . . . . . . . . 8 . Exploration | -11 -10 -10 -9 -9 -9 -8 -8 -8 -8 -7 -7 -7 -7 -7 -7 -6 -6 ------------- Run | Scr Mat Min Mat Min Exi Min Mat Gar Mat Fac Gar Fac Low Low Dat Pro Fac Turns Passed 22431 | 96 1317 921 1802 1443 453 755 1611 1222 3204 692 1021 1441 1276 1045 545 1495 2092 Spaces Moved 13122 | 57 578 465 810 710 196 413 788 606 1356 371 465 852 1418 1292 248 1441 1056 Core 9 | 4 . . . . . . . . . . . 1 . . . . 4 Treads 7608 | 53 578 465 810 710 196 413 788 606 1356 371 465 424 . . . . 373 Legs 132 | . . . . . . . . . . . . . . . . . 132 Wheels . | . . . . . . . . . . . . . . . . . . Hover 5373 | . . . . . . . . . . . . 427 1418 1292 248 1441 547 Flight . | . . . . . . . . . . . . . . . . . . Fastest Speed 50 | 50 160 160 180 180 180 180 180 180 180 160 160 68 68 68 68 68 68 Average Speed 134 | 152 172 179 180 180 180 180 180 180 180 160 178 116 68 70 74 69 140 Slowest Speed 1150 | 160 180 180 180 180 180 180 200 180 200 160 200 1150 68 138 138 142 650 Overloaded Moves . | . . . . . . . . . . . . . . . . . . Propulsion Burnouts . | . . . . . . . . . . . . . . . . . . Robots Hopped 1 | . . . . . . . . . . . . . 1 . . . . Cave-ins Triggered . | . . . . . . . . . . . . . . . . . . Exploration Rate (%) 67 | 3 87 82 71 91 87 78 59 65 96 12 73 23 98 95 77 92 18 Regions Visited 17 Branch Regions 8 Pre-discovered Areas 6 | . 1 1 . . 1 . . . . . . 2 . . 1 . . Known Exits Taken 12 | . . . 1 1 1 1 1 . 1 1 . 1 1 1 1 1 . Unknown Exits Taken 3 | 1 1 1 . . . . . . . . . . . . . . . Scrap Searched 19 | . . 2 . 2 . 2 . . . . . . 7 2 . 4 . Spaces Dug 96 | . . . 1 8 . . . 1 3 2 . . 6 4 10 59 2 Terrain Destroyed 552 | . 15 12 24 84 . . . 30 18 7 22 . 52 85 10 147 46 Melee 9 | . . . 1 . . . . . 2 . . . . . 6 . . Projectile 96 | . . . . . . . . . 2 2 . . 7 9 4 59 13 AOE 447 | . 15 12 23 84 . . . 30 14 5 22 . 45 76 . 88 33 Terrain Rammed . | . . . . . . . . . . . . . . . . . . Walls Destroyed . | . . . . . . . . . . . . . . . . . . Machines Disabled . | . . . . . . . . . . . . . . . . . . Actions | -11 -10 -10 -9 -9 -9 -8 -8 -8 -8 -7 -7 -7 -7 -7 -7 -6 -6 --------- Run | Scr Mat Min Mat Min Exi Min Mat Gar Mat Fac Gar Fac Low Low Dat Pro Fac Total 16560 | 63 786 531 1079 816 296 423 904 678 1935 458 561 1211 1633 1372 590 1792 1432 Wait 1854 | . 109 28 159 45 99 6 22 . 351 61 10 231 88 21 296 200 128 Move 13103 | 56 577 464 809 709 195 412 788 604 1355 370 464 851 1415 1291 247 1440 1056 Hop 1 | . . . . . . . . . . . . . 1 . . . . Pick Up 174 | 1 18 14 15 4 . 1 8 7 26 6 5 13 12 4 5 10 25 Fast Attach 80 | 6 3 3 7 4 . . 8 2 13 . 5 8 . . 1 . 20 Attach 69 | . 4 1 4 3 . . 4 4 2 3 3 3 2 2 1 10 23 Detach 8 | . . . 2 2 . . . . 1 . . . . . . 1 2 Swap 288 | . 5 1 16 9 2 1 20 13 55 6 7 39 30 11 13 19 41 Drop 154 | . 4 8 21 5 . 1 14 6 35 4 3 20 11 3 8 3 8 Fire 748 | . 51 12 42 33 . . 37 40 94 7 50 45 60 40 7 108 122 Melee 28 | . . . 4 . . . . . 2 1 6 . . . 8 . 7 Ram . | . . . . . . . . . . . . . . . . . . Kick . | . . . . . . . . . . . . . . . . . . Crush 24 | . 15 . . 2 . 2 3 . 1 . . 1 . . . . . Escape Stasis 10 | . . . . . . . . 2 . . 8 . . . . . . Rewire 12 | . . . . . . . . . . . . . 11 . . 1 . Trap 7 | . . . . . . . . . . . . . 3 . 4 . . Miscellaneous . | . . . . . . . . . . . . . . . . . . Route ------- -11/Scrapyard -10/Materials (discovered 4 exits: *Mat x2 / *Min x2) -10/Mines (discovered 2 exits: *Mat x2) -9/Materials (discovered 4 exits: *Mat x2 / *Min / *Sto) -9/Mines (discovered 3 exits: *Mat x2 / *Exi) -9/Exiles (discovered 2 exits: *Min x2) -8/Mines (discovered 2 exits: *Mat x2) -8/Materials (discovered 4 exits: *Fac x3 / Gar) -8/Garrison (discovered 3 exits: *Mat x3) -8/Materials (discovered 3 exits: *Fac x3) -7/Factory -7/Garrison (discovered 3 exits: *Fac x3) -7/Factory -7/Lower Caves -7/Lower Caves (discovered 2 exits: *Fac / *Dat) -7/Data Miner -6/Proximity Caves -6/Factory (discovered 2 exits: *Fac / Low) History --------- Turn | Location | Event 3 | -11/Scrapyard | Discovered new exit (range 15) 97 | -11/Scrapyard | Entered Materials 97 | -10/Materials | Discovered new exit (range 7) 309 | -10/Materials | Build established: Mutant 403 | -10/Materials | Discovered new exit (range 15) 405 | -10/Materials | Destroyed 9 combat bots 557 | -10/Materials | Repaired Hvy. EM Pulse Gun 585 | -10/Materials | Repaired Lgt. Treads 640 | -10/Materials | Discovered new exit (range 16) 890 | -10/Materials | Discovered new exit (range 16) 1414 | -10/Materials | Entered Mines 1422 | -10/Mines | Joined a pair of Derelicts in attacking an 0b10 outpost 1427 | -10/Mines | Learned location of Zion (-6) 1472 | -10/Mines | Discovered new exit (range 5) 1717 | -10/Mines | Discovered new exit (range 8) 1738 | -10/Mines | Found the Drone Emporium 1749 | -10/Mines | Found Prototype Device 1749 | -10/Mines | Identified Sensor Drone Bay 2014 | -10/Mines | Met a Derelict testing a Signal Generator 2036 | -10/Mines | Found Signal Generator 2283 | -10/Mines | Assisted by bots powering up and referring to "LRC-V3" 2335 | -10/Mines | Entered Materials 2335 | -9/Materials | Accompanied by 4 allies 2335 | -9/Materials | Evolved 2 slots: Utility x2 2748 | -9/Materials | Discovered new exit (range 8) 2875 | -9/Materials | Build established: Scavenger-Mutant 3341 | -9/Materials | Identified exit to Mines 3341 | -9/Materials | Identified exit to Storage 3645 | -9/Materials | Discovered new exit (range 16) 3758 | -9/Materials | Repaired Imp. Ion Engine 3785 | -9/Materials | Repaired Lgt. Armor Plating 4137 | -9/Materials | Entered Mines 4200 | -9/Mines | Destroyed YI-UF0 4209 | -9/Mines | Found Prototype Storage 4209 | -9/Mines | Identified YI-UF0's Bottomless Matter Pit 4213 | -9/Mines | Found Prototype Launcher 4213 | -9/Mines | Identified YI-UF0's Doublenader 4298 | -9/Mines | Deemed a non-threat by the Exiles lab entrance 4300 | -9/Mines | Discovered new exit (range 5) 4403 | -9/Mines | Assembled infested the area 4808 | -9/Mines | Discovered new exit (range 7) 4817 | -9/Mines | Identified exit to Materials 4898 | -9/Mines | Learned location of 1 exit from Materials 5050 | -9/Mines | Discovered exit to Materials (range 5) 5259 | -9/Mines | Found a damaged Exp. Sensor Array with a note attached 5263 | -9/Mines | Found Prototype Device 5264 | -9/Mines | Identified Exp. Sensor Array 5551 | -9/Mines | Build established: Mutant 5578 | -9/Mines | Identified exit to Exiles 5580 | -9/Mines | Entered Exiles 5604 | -9/Exiles | Discovered new exit (range 17) 5636 | -9/Exiles | Discovered new exit (range 115) 5726 | -9/Exiles | Met 8R-AWN 5756 | -9/Exiles | Met EX-HEX 5814 | -9/Exiles | Met EX-BIN 5853 | -9/Exiles | Met EX-DEC 6032 | -9/Exiles | Identified exit to Mines 6033 | -9/Exiles | Entered Mines 6123 | -8/Mines | Discovered exit to Materials (range 15) 6303 | -8/Mines | Discovered exit to Materials (range 8) 6788 | -8/Mines | Entered Materials 6788 | -8/Materials | Evolved 2 slots: Utility x2 6789 | -8/Materials | Identified exit to Factory 7790 | -8/Materials | Discovered exit to Factory (range 16) 8199 | -8/Materials | Garrison activated, responded to threat 8397 | -8/Materials | Identified exit to Garrison 8399 | -8/Materials | Entered Garrison 8458 | -8/Garrison | Triggered checkpoint 8533 | -8/Garrison | Build established: Scavenger-Mutant 8548 | -8/Garrison | Triggered checkpoint 8662 | -8/Garrison | Destroyed 7 combat bots 8662 | -8/Garrison | Lost 4 parts (1p3u) 8714 | -8/Garrison | Discovered new exit (range 14) 8798 | -8/Garrison | Triggered checkpoint 8884 | -8/Garrison | Discovered new exit (range 14) 8905 | -8/Garrison | Identified exit to Materials 9042 | -8/Garrison | Triggered checkpoint 9176 | -8/Garrison | Discovered exit to Materials (range 14) 9216 | -8/Garrison | Installed Relay Interface Framework 9294 | -8/Garrison | Triggered checkpoint 9330 | -8/Garrison | Garrison Relay disabled 9438 | -8/Garrison | Triggered checkpoint 9513 | -8/Garrison | Garrison Relay disabled 9621 | -8/Garrison | Entered Materials 10180 | -8/Materials | Found Powered Armor 10185 | -8/Materials | Found Powered Armor 10188 | -8/Materials | Found Powered Armor 10489 | -8/Materials | Repaired Powered Armor 10625 | -8/Materials | Found Powered Armor 11101 | -8/Materials | Discovered exit to Factory (range 15) 11439 | -8/Materials | Build established: Hauler-Mutant 11875 | -8/Materials | Discovered exit to Factory (range 16) 12801 | -8/Materials | Discovered exit to Factory (range 14) 12825 | -8/Materials | Entered Factory 12825 | -7/Factory | Evolved 2 slots: Propulsion x2 13515 | -7/Factory | Identified exit to Garrison 13517 | -7/Factory | Entered Garrison 13598 | -7/Garrison | Lost 4 parts (1p1n2u) 13686 | -7/Garrison | Triggered checkpoint 13697 | -7/Garrison | Triggered checkpoint 13751 | -7/Garrison | Lost 3 parts (3n) 13856 | -7/Garrison | Discovered new exit (range 10) 13874 | -7/Garrison | Identified exit to Factory 14011 | -7/Garrison | Discovered exit to Factory (range 14) 14192 | -7/Garrison | Discovered exit to Factory (range 15) 14235 | -7/Garrison | Expanded RIF knowledge: Threat Obfuscation 14290 | -7/Garrison | Triggered checkpoint 14402 | -7/Garrison | Garrison Relay disabled 14538 | -7/Garrison | Entered Factory 14702 | -7/Factory | Build established: Bothacker-Mutant 14735 | -7/Factory | Repaired Med. Treads 15517 | -7/Factory | Fabricated Cmb. Airjet (x2) 15612 | -7/Factory | Fabricated Cmb. Airjet (x2) 15835 | -7/Factory | Discovered new exit (range 15) 15895 | -7/Factory | Identified exit to Lower Caves 15979 | -7/Factory | Entered Lower Caves 16295 | -7/Lower Caves | Attracted the attention of an 0b10 outpost 16893 | -7/Lower Caves | Learned Factory emergency access door positions 16937 | -7/Lower Caves | Attracted the attention of an 0b10 checkpoint 17070 | -7/Lower Caves | Learned Factory terminal intel 17114 | -7/Lower Caves | Discovered new exit (range 8) 17118 | -7/Lower Caves | Identified exit to Lower Caves 17165 | -7/Lower Caves | Ambushed by wild Derelicts 17255 | -7/Lower Caves | Entered another Lower Caves area 17255 | -7/Lower Caves | Accompanied by 2 allies 17257 | -7/Lower Caves | Discovered new exit (range 6) 17267 | -7/Lower Caves | Spotted B-75 Beast 17285 | -7/Lower Caves | Identified exit to Factory 17877 | -7/Lower Caves | Attracted the attention of an 0b10 checkpoint 18011 | -7/Lower Caves | Discovered new exit (range 14) 18019 | -7/Lower Caves | Identified exit to Data Miner 18300 | -7/Lower Caves | Entered Data Miner 18600 | -7/Data Miner | Discovered new exit (range 6) 18605 | -7/Data Miner | Identified exit to Proximity Caves 18614 | -7/Data Miner | Met Data Miner 18626 | -7/Data Miner | Learned location of Section 7 (-2) 18626 | -7/Data Miner | Acquired the access code to Warlord's prototype stash 18638 | -7/Data Miner | Received God Mode back door access code from Data Miner 18753 | -7/Data Miner | Destroyed Data Miner 18756 | -7/Data Miner | Found Deep Network Scanner 18758 | -7/Data Miner | Found Quantum Router 18762 | -7/Data Miner | Data Conduit disabled 18845 | -7/Data Miner | Entered Proximity Caves 18869 | -6/Proximity Caves | Learned location of 1 exit from Factory 18962 | -6/Proximity Caves | Spotted B-75 Beast 19112 | -6/Proximity Caves | Core integrity fell below 50% 19293 | -6/Proximity Caves | Destroyed B-75 Beast 19320 | -6/Proximity Caves | Lost 5 parts (2p2u1w) 19545 | -6/Proximity Caves | Build established: Hauler-Mutant 19672 | -6/Proximity Caves | Attracted the attention of an 0b10 outpost 20164 | -6/Proximity Caves | Discovered exit to Factory (range 10) 20340 | -6/Proximity Caves | Entered Factory 20340 | -6/Factory | Evolved 2 slots: Utility x2 20341 | -6/Factory | Identified exit to Lower Caves 20343 | -6/Factory | Loaded intel: 20 terminal locations 20654 | -6/Factory | Build established: Hacker-Mutant 20977 | -6/Factory | Lost 9 parts (1p2n3u3w) 21106 | -6/Factory | Discovered new exit (range 11) 21175 | -6/Factory | Lost 6 parts (2n2u2w) 21309 | -6/Factory | Build established: Scavenger-Mutant 21485 | -6/Factory | Lost 3 parts (1p2w) 21686 | -6/Factory | Identified exit to Factory 22204 | -6/Factory | Lost 4 parts (2u2w) 22271 | -6/Factory | Core integrity fell below 50% 22295 | -6/Factory | Garrison activated, responded to threat 22419 | -6/Factory | Core integrity fell below 20% 22432 | -6/Factory | Destroyed by G-50 Soldier with Heavy Laser Last Messages --------------- 22402_ R-10 Processor collects Lgt. Angular Momentum Engine. 22405_ L-41 Fighter destroyed. 22406_ 1M0AFQSWCB6H 4ZW 6L2H0|ZEWNLW%8M:M4&N> 22406_ R-10 Processor collects Lgt. Treads. 22407_ Acquired 70 matter. 22410_ R-10 Processor collects Adv. Heat Sink. 22411_ U-05 Engineer builds a Door. 22412_ Imp. Light Armor Plating destroyed. 22415_ Imp. Deuterium Engine destroyed. 22416_ W-25 Informer sends out distress signal. 22417_ K-01 Serf collects debris. 22417_ Lgt. Treads destroyed. 22421_ U-05 Engineer destroyed. 22422_ Acquired 28 matter. 22422_ K-01 Serf collects debris. 22422_ Neutron Cannon destroyed. 22423_ Imp. Utility Shielding destroyed. 22425_ K-01 Serf collects debris. 22425_ U-05 Engineer destroyed. 22431_ K-01 Serf collects debris. Map ----- +----------------------------------------------------+ | ?????????????????????????#! # "" | | ?????????????????????????# # "" # | | ?????????????????????????# # T" # | | ?????????????????????????# # "" # | | ?????????????????????????# + "" # | | ?????????????????????????# # # | | ?????????????????????????# # # | | ?????????????????????????# # """" # | | ?????????????????????????############## """" # | | ?????????#################### """" | | ?????????# # | | ?????????# !# R gg | | ?????????# # ####+#######^ # | | ????????## """ # # #?####### | | ????????# """"" + # """"#???????? | | ????????## | """"" # # """"######### | | ?????????# # # """"## | | ?????#???# # # """"## | | #???#################### # """"## | | #?????????????????# # """"## | | #?????????????????#! # """"## | | ##########????????#*!= # "# ! | | ## #????????#% /################ | | "" ##########!=%# #?# | | "" g *% + """" """" #?# | | "" [ g|@=# """" """" #?# | | "" g gg# """" """" ### | | ########## !*# """" """" + + | | ### #????????# # """" """" ########## | | ######+#######?????# # """" """" #????????? | | # #?????# k # """" """" #????????? | | # " #?????# # #????????? | | # """ """ #??#### g# #????????? | | ## ## """ G #??# w# #????????? | | ?# ## """ """ #??# # #????????? | | ?# ## " #??# ##############????????? | | ?# ## """ #??#?? #?????????????????????? | | ?# ## ??? #????? ^ #?????????????????????? | | ?# ## ??? #???? ^ u#??????????????????#### | | ?# ##????????????#???? A#?????????????###### % | | ?# #??????????????????? ?????????????? | | ?# #?????????????????????????????????????? | | #?????????????????????????????????????????? | | ???????????????????????????????????????????? | | #????????????????????????????????????????????# | | ?????????????????????????????????????????????# | | ?????????????????????????????????????????????# | | ??????"?"????????????????????????????????????# | | ??????"T"?????????T??????????????????????????# | | ??????"""????????????????????????????????????# | +----------------------------------------------------+ Best States ------------- Heat Dissipation 64 Energy Generation 18 Energy Capacity 290 Matter Stores 300 Matter Capacity 1800 Sight Range 16 Robot Scan Range 30 Terrain Scan Density 10 Armor Coverage 800 Resistance: TH 20 Utility Shielding 66 Weapon Shielding 66 Evasion (%) 51 Recoil Reduction 4 Offensive Hacking 25 Defensive Hacking 25 Relay Coupler Types 52 Relay Coupler Value 2 Item Schematics ----------------- Lrg. Storage Unit | -10/Materials | Hacked Hvy. Assault Rifle | -9/Materials | Scanalyzed Cmb. Airjet | -8/Materials | Scanalyzed Imp. Light Armor Plating | -8/Materials | Hacked Imp. EM Shotgun | -8/Materials | Scanalyzed Powered Armor | -8/Materials | Scanalyzed Combat Drone Bay | -7/Data Miner | Free Exp. Flexi-carbon Leg | -7/Data Miner | Free Lgt. Regenerative Plating | -7/Data Miner | Free Triangulator | -7/Data Miner | Free Exp. Sensor Array | -7/Data Miner | Free Exp. Terrain Scanner | -7/Data Miner | Free Mni. Smartbomb Launcher | -7/Data Miner | Free Robot Schematics ------------------ S-27 Virus | -7/Data Miner | Free G-50 Soldier | -7/Data Miner | Free G-67 Veteran | -7/Data Miner | Free X-72 Disruptor | -7/Data Miner | Free P-70 Sage | -7/Data Miner | Free I-36 Angel | -7/Data Miner | Free I-47 Archangel | -7/Data Miner | Free Fabricated ------------ Cmb. Airjet | x2 | -7/Factory Cmb. Airjet | x2 | -7/Factory Alien Tech Used ----------------- None Achievements -------------- None Challenges ------------ None Game ------ Seed BiomechanicalOverloadEngine Manual? 0 Play Time 04:31:56 Cumulative 77.6 hours Start 2020.10.12 @ 12:43:47 End 2020.10.13 @ 12:21:20 Sessions 7 Manual Loads 0 Difficulty Rogue Special Mode None Game No. 25 Rogue 10 Adventurer 15 Explorer 0 Win Type - Total 1 Types 0/0/0/1/0/0/0/0/0 Lore% 55 Gallery% 63 Achievement% 53 Wizard Run 0 Options --------- ASCII 0 Keyboard 0 Movement Numpad Keybinds 0 Fullscreen 1 Font 18/SmallcapsGlow Map View 76x50 Tactical HUD 1 Map Filters NONE Filters NONE Steam 1 RUN: 990b4c38-4669-4577-8b86-4a22bcd76be8